 Dungeon Sprint DCSS version 0.28.0-53-g5a82cb258f (webtiles) character file.

Game seed: 5314217148779945512

10010 Groucho the Fighter (level 11, -5/92 (95) HPs)
             Began as a Vampire Wanderer on June 7, 2022.
             Was the Champion of Qazlal.
             Killed from afar by an Ice Fiend (49 damage)
             ... with a bolt of cold
             ... in the Dungeon (Sprint V: "Ziggurat Sprint").
             The game lasted 00:06:11 (1061 turns).

Groucho the Fighter (Vampire Wanderer)              Turns: 1061, Time: 00:06:11

HP:   -5/92 (95)    AC: 28    Str: 27    XL:     11   Next: 30%
MP:   12/19         EV:  5    Int: 15    God:    Qazlal [******]
Gold: 0             SH: 38    Dex: 14    Spells: 14/14 levels left

rFire   . . .      SeeInvis +   w - +14 obsidian axe {vorpal, Mesm Drain Fly SInv}
rCold   + . .      Faith    .   z - +18 shield of the Gong {rElec rN+ Will+ EV-5}
rNeg    + . .      Spirit   .   y - +15 Maxwell's patent armour {-Cast -Tele rElec Will+ rCorr}
rPois   .          Reflect  .   (no helmet)
rElec   +          Harm     .   (no cloak)
rCorr   +          Rampage  .   (no gloves)
Will    +++..      NoTele   +   (no boots)
Stlth   .......... NoCast   +   G - amulet of regeneration
HPRegen 1.25/turn               A - +6 ring of strength
MPRegen 0.16/turn               B - +6 ring of strength

@: protected from cold, flying, mesmerised, healing quickly, studying Poison
Magic, lightly drained, repel missiles
A: alive, fangs 3, see invisible, vampiric 2
a: Exsanguinate, Renounce Religion, Upheaval, Elemental Force, Disaster Area


You were in the Dungeon.
You worshipped Qazlal.
Qazlal was exalted by your worship.
You visited 1 branch

Inventory:

Hand Weapons
 w - the +14 obsidian axe (weapon) {vorpal, Mesm Drain Fly SInv}
   (You found it in the Dungeon)

   It inflicts extra damage upon your enemies.
   It occasionally summons demons to assist the wielder when it strikes in
   combat.
   Its wielder is mesmerised by any visible foes.
   It cannot be unequipped while any foes are visible.
   SInv:      It lets you see invisible.
   Fly:       It grants you flight.
   Drain:     It drains your maximum health when unequipped.
 C - the +6 shillelagh "Devastator" {shatter}
   (You found it in the Dungeon)

   It releases a powerful concussive burst when it strikes, dealing extra damage
   to the target and all other foes adjacent to them.
 D - a +5 fustibalus
Missiles
 E - 1000 sling bullets
 F - a throwing net
Armour
 a - +5 gold dragon scales
 y - the +15 Maxwell's patent armour (worn) {-Cast -Tele rElec Will+ rCorr}
   (You found it in the Dungeon)

   rElec:     It insulates you from electricity.
   -Cast:     It prevents spellcasting.
   -Tele:     It prevents most forms of teleportation.
   rCorr:     It protects you from acid and corrosion.
   Will:      It increases your willpower.
 z - the +18 shield of the Gong (worn) {rElec rN+ Will+ EV-5}
   (You found it in the Dungeon)

   It is deafeningly noisy when blocking attacks.
   EV:        It affects your evasion (-5).
   rElec:     It insulates you from electricity.
   rN:        It protects you from negative energy.
   Will:      It increases your willpower.
Jewellery
 v - a ring of flight
 x - a +6 ring of dexterity
 A - a +6 ring of strength (left hand)
 B - a +6 ring of strength (right hand)
 G - an amulet of regeneration (around neck)
 I - a ring of poison resistance
 K - a ring of protection from cold
 L - a +4 ring of protection
 M - a +6 ring of strength
Wands
 d - a wand of paralysis (15) (quivered)
 s - a wand of mindburst (7)
 t - a wand of iceblast (7)
 u - a wand of acid (7)
Scrolls
 b - a scroll of silence
 j - 4 scrolls of blinking
 o - 4 scrolls of amnesia
 p - 8 scrolls of fog
 q - 5 scrolls of identify
 r - 2 scrolls of fear
 H - 4 scrolls of brand weapon
 J - 4 scrolls of enchant armour
Potions
 c - 2 potions of brilliance
 e - 10 potions of curing
 f - 10 potions of heal wounds
 g - 6 potions of haste
 h - 7 potions of magic
 i - 3 potions of berserk rage
 k - 2 potions of invisibility
 l - 4 potions of resistance
 m - a potion of experience
 n - 5 potions of might


   Skills:
 * Level 12.0 Fighting
 * Level 11.7 Axes
 + Level 7.6 Armour
 + Level 10.1 Dodging
 * Level 11.8 Shields
 - Level 2.0 Spellcasting
 - Level 1.0 Air Magic
 * Level 11.8 Invocations
 - Level 3.6 Evocations


You had 14 spell levels left.
You didn't know any spells.
Your spell library contained the following spells:

 Spells                   Type           Power      Damage    Failure   Level
 Freeze                   Ice            4%         1d3       99%         1
 Corpse Rot               Necr/Air       6%         N/A       99%         2
 Static Discharge         Conj/Air       3%         N/A       99%         2
 Confusing Touch          Hex            1%         N/A       100%        3
 Frozen Ramparts          Ice            2%         1d2       100%        3
 Ignite Poison            Fire/Tmut/Pois 1%         N/A       100%        3
 Mephitic Cloud           Conj/Pois/Air  2%         N/A       100%        3
 Portal Projectile        Hex/Tloc       2%         N/A       100%        3
 Stone Arrow              Conj/Erth      2%         3d7       100%        3
 Animate Armour           Summ/Erth      2%         N/A       100%        4
 Hailstorm                Conj/Ice       1%         3d3       100%        4
 Blade Hands              Tmut           0%         N/A       100%        5
 Excruciating Wounds      Necr           0%         N/A       100%        5
 Fireball                 Conj/Fire      0%         3d3       100%        5
 Freezing Cloud           Conj/Ice/Air   1%         6-21      100%        5
 Yara's Violent Unravell  Hex/Tmut       0%         3d3       100%        5
 Starburst                Conj/Fire      0%         6d3       100%        6
 Enfeeble                 Hex            0%         N/A       100%        7
 Ignition                 Fire           0%         3d3       100%        8
 Lehudib's Crystal Spear  Conj/Erth      0%         10d2      100%        8
 Chain Lightning          Conj/Air       1%         3d2       100%        9
 Fire Storm               Conj/Fire      0%         6d1       100%        9
 Shatter                  Erth           0%         3d5*      100%        9


Dungeon Overview and Level Annotations

Branches:
Dungeon (1/1)

Altars:
Ashenzari
Cheibriados
Dithmenos
Elyvilon
Fedhas
Gozag
Hepliaklqana
Kikubaaqudgha
Makhleb
Nemelex Xobeh
Okawaru
Qazlal
Ru
Sif Muna
Trog
Uskayaw
Vehumet
Wu Jian
Xom
Yredelemnul
Zin
The Shining One
Beogh
Jiyva
Lugonu

Annotations:
D 1 transporter


Innate Abilities, Weirdness & Mutations

Your natural rate of healing is accelerated.
You have razor-sharp teeth.
You have supernaturally acute eyesight. (SInv)
You are afflicted with vampirism and can become a bat while bloodless.


Message History

You hit the sun demon but do no damage.
The sun demon is moderately wounded.
Hicyet is no longer encased in ice.
The smoke demon gestures at you. Something smites you!
Unknown command.
You hit Hicyet but do no damage. Your bite misses Hicyet.
Hicyet is moderately wounded.
Visions of slaying Hicyet flood into your mind.
Dion is no longer encased in ice.
You block Hicyet's attack.
BOUMMMMG!
You block Hicyet's attack.
PTOANNNG!
You closely miss Hicyet.
Hicyet is moderately wounded.
You barely miss the sun demon.
Visions of slaying the sun demon flood into your mind.
You block the sun demon's attack.
GONNNNG!
Dion gestures at you.
The bolt of negative energy hits the Ice Fiend.
The Ice Fiend completely resists.
The bolt of negative energy hits you!! You partially resist.
You feel drained.
The sun demon hits you but does no damage.
Unknown command.
You slice the Ice Fiend!!
The Ice Fiend is severely wounded.
You slash the smoke demon!
You kill the smoke demon!
Qazlal accepts your kill.
You hit Hicyet but do no damage. You slice the sun demon!!
Visions of slaying the Ice Fiend flood into your mind.
Hicyet bursts into living lightning!
The living lightning hits you! You resist.
Hicyet blinks!
The Ice Fiend is engulfed in a cloud of scalding steam.
The Ice Fiend gestures at you. The bolt of cold hits you!!!
You feel protected from cold.
Ouch! That really hurt!
You die...

▓▓▓▓▓▓▓▓▓▓▓▓▓▓▓▓▓▓▓
▓...8©8...▓...8©8...▓
▓..=|==...▓..[|.....▓
▓..["):§..▓.......|.▓
▓......§..▓.........▓
▓......§..▓.........▓
▓.≈..&.§..▓.........▓
▓.≈.31§§..▓.........▓
▓...§@.°.&▓.........▓
▓.▓○§.§°▓.▓....©....▓
▓...°©°...▓▓▓▓▓▓▓▓▓▓▓
▓▓▓▓▓▓▓▓▓▓▓


You could see Dion, Hicyet, an Ice Fiend (mesmerising) and a sun demon.

Vanquished Creatures
  2 yaktaur captains (D)
  2 cyclopes (D)
  3 smoke demons (D)
  4 toenail golems (D)
  An eye of devastation (D)
  An orange demon (D)
  2 yaktaurs (D)
  A red devil (D)
  2 merfolk (D)
  3 slime creatures (D)
  3 wind drakes (D)
  A raiju (D)
  7 spriggans (D)
  A yak (D)
  A chaos spawn (D)
  2 floating eyes (D)
  2 black bears (D)
  3 wolves (D)
  3 centaurs (D)
  2 phantoms (D)
  4 wights (D)
  A crimson imp (D)
  2 jellies (D)
  A shadow imp (D)
  An adder skeleton (D)
  A bat skeleton (D)
  A jackal zombie (D)
  A quokka skeleton (D)
58 creatures vanquished.

Vanquished Creatures (collateral kills)
  An eye of devastation (D)
  A necrophage (D)
2 creatures vanquished.

Grand Total: 60 creatures vanquished

Notes
Turn   | Place    | Note
-------+----------+-------------------------------------------
     0 | D        | Groucho the Vampire Wanderer began the quest for the Orb.
     0 | D        | Groucho set off with the following items: a +0 dagger, a
                  | scroll of silence, a +0 robe, a wand of paralysis (15), a
                  | potion of curing, a potion of heal wounds, a potion of
                  | haste, 2 potions of magic, a potion of berserk rage, a
                  | scroll of blinking; and the following spells available to
                  | memorise: Corpse Rot, Static Discharge
     0 | D        | Reached XP level 1. HP: 16/16 MP: 3/3
    11 | D        | Found a blossoming altar of Fedhas.
    11 | D        | Found the +6 Majin-Bo {vamp, MP+6 Int+6}
    11 | D        | Found the +9 heavy crossbow "Sniper" {vorpal, Acc+∞ SInv}
    11 | D        | Found the +10 dark maul {vorpal}
    11 | D        | Found the +15 Maxwell's patent armour {-Cast -Tele rElec
                  | Will+ rCorr}
    11 | D        | Found the +18 shield of the Gong {rElec rN+ Will+ EV-5}
    11 | D        | Found the +14 obsidian axe {vorpal, Mesm Drain Fly SInv}
    11 | D        | Found the +7 great mace "Firestarter" {inner flame, rF++}
    11 | D        | Found the +6 shillelagh "Devastator" {shatter}
    11 | D        | Found the +11 plutonium sword {Contam Stlth-}
    11 | D        | Found the +8 lance "Wyrmbane" {slay drac, rPois rF+ rC+
                  | AC+3}
    11 | D        | Found the +9 sword of Zonguldrok {reap}
    11 | D        | Found the +13 scythe of Curses {drain, Drain}
    11 | D        | Found the +5 sword of Power {vorpal}
    11 | D        | Found the +7 mace of Variability {chain chaos}
    11 | D        | Found the +7 Singing Sword {vorpal, sonic wave}
    11 | D        | Found the +8 storm bow {elec, penet}
    13 | D        | Found a shimmering blue altar of Sif Muna.
    13 | D        | Found a sacrificial altar of Ru.
    13 | D        | Found a bloodstained altar of Trog.
    13 | D        | Found a stormy altar of Qazlal.
    13 | D        | Found an iron altar of Okawaru.
    13 | D        | Found a sparkling altar of Nemelex Xobeh.
    15 | D        | Found a transporter.
    15 | D        | Found an ancient bone altar of Kikubaaqudgha.
    15 | D        | Found a viscous altar of Jiyva.
    15 | D        | Found a corrupted altar of Lugonu.
    15 | D        | Found a hazy altar of Hepliaklqana.
    15 | D        | Found a burning altar of Makhleb.
    15 | D        | Found an opulent altar of Gozag.
    45 | D        | Became a worshipper of Qazlal Stormbringer
    84 | D        | Entered arena 2.
    84 | D        | Noticed a wolf
    84 | D        | Noticed a yak
    84 | D        | Found a transporter.
    85 | D        | Killed a wolf
    86 | D        | Reached skill level 3 in Fighting
    86 | D        | Reached skill level 1 in Armour
    86 | D        | Reached XP level 2. HP: 25/25 MP: 5/5
    86 | D        | Gained mutation: You are afflicted with vampirism and can
                  | become a bat while bloodless. [Vampire growth]
    86 | D        | Reached XP level 3. HP: 30/30 MP: 6/6
    86 | D        | Reached XP level 4. HP: 37/37 MP: 7/7
    88 | D        | Killed a yak
    89 | D        | Reached skill level 5 in Fighting
    89 | D        | Reached XP level 5. HP: 44/44 MP: 8/8
    98 | D        | Entered arena 3.
    98 | D        | Noticed a raiju
    98 | D        | Found a transporter.
   102 | D        | Reached * piety under Qazlal
   104 | D        | Killed a raiju
   105 | D        | Reached skill level 6 in Fighting
   105 | D        | Reached skill level 5 in Axes
   105 | D        | Reached skill level 5 in Dodging
   105 | D        | Reached skill level 5 in Shields
   105 | D        | Reached skill level 5 in Invocations
   105 | D        | Reached XP level 6. HP: 47/52 MP: 8/10
   123 | D        | Entered arena 4.
   123 | D        | Noticed a toenail golem
   123 | D        | Noticed a toenail golem
   123 | D        | Noticed a toenail golem
   123 | D        | Noticed a toenail golem
   123 | D        | Found a transporter.
   130 | D        | Killed a toenail golem
   130 | D        | Reached ** piety under Qazlal
   131 | D        | Reached skill level 7 in Fighting
   131 | D        | Reached XP level 7. HP: 60/60 MP: 10/12
   131 | D        | Killed a toenail golem
   132 | D        | Reached XP level 8. HP: 67/67 MP: 10/13
   134 | D        | Killed a toenail golem
   135 | D        | Reached skill level 8 in Fighting
   140 | D        | Killed a toenail golem
   140 | D        | Reached *** piety under Qazlal
   141 | D        | Reached skill level 5 in Armour
   146 | D        | Entered arena 5.
   146 | D        | Found a transporter.
   152 | D        | Reached **** piety under Qazlal
   153 | D        | Reached XP level 9. HP: 59/75 MP: 13/15
   271 | D        | Entered arena 6.
   271 | D        | Found a transporter.
   276 | D        | Reached ***** piety under Qazlal
   277 | D        | Reached skill level 9 in Fighting
   296 | D        | Entered arena 7.
   296 | D        | Noticed a wind drake
   296 | D        | Noticed a wind drake
   296 | D        | Noticed a wind drake
   296 | D        | Noticed a merfolk
   296 | D        | Noticed a merfolk
   297 | D        | Found a transporter.
   301 | D        | Killed a merfolk
   302 | D        | Killed a wind drake
   305 | D        | Killed a wind drake
   307 | D        | Killed a wind drake
   309 | D        | Killed a merfolk
   536 | D        | Entered arena 8.
   537 | D        | Found a transporter.
   542 | D        | Reached skill level 10 in Fighting
   542 | D        | Reached XP level 10. HP: 80/85 MP: 17/17
   545 | D        | Reached skill level 10 in Shields
   547 | D        | Reached skill level 10 in Axes
   547 | D        | Reached skill level 10 in Invocations
   573 | D        | Entered arena 9.
   574 | D        | Found a transporter.
   578 | D        | Reached ****** piety under Qazlal
   595 | D        | Entered arena 10.
   595 | D        | Noticed a yaktaur captain
   595 | D        | Noticed a cyclops
   595 | D        | Noticed a yaktaur captain
   595 | D        | Noticed a cyclops
   599 | D        | Killed a yaktaur captain
   599 | D        | Killed a cyclops
   600 | D        | Found a transporter.
   605 | D        | Killed a cyclops
   605 | D        | Killed a yaktaur captain
   606 | D        | Reached skill level 11 in Fighting
   709 | D        | Entered arena 11.
   709 | D        | Noticed an eye of devastation
   709 | D        | Noticed an eye of devastation
   714 | D        | Reached XP level 11. HP: 91/93 MP: 1/19
   714 | D        | Found a transporter.
  1054 | D        | Entered arena 12.
  1054 | D        | Noticed a sun demon
  1054 | D        | Noticed Dion the pandemonium lord
  1055 | D        | Noticed Hicyet the pandemonium lord
  1055 | D        | Noticed an Ice Fiend
  1057 | D        | Reached skill level 12 in Fighting
  1057 | D        | Reached skill level 10 in Dodging
  1057 | D        | Found a transporter.
  1061 | D        | Killed from afar by an Ice Fiend

Illustrated notes

Levels and vault maps discovered:
D:        sprint_v [room_start, room_1, room_2, room_3, room_4, room_5, room_6,
          room_7, room_8, room_9, room_10, room_11, room_12, room_13, room_14,
          room_15, room_16, room_17, room_18, room_19, room_20, room_21,
          room_22, room_23, room_24, room_25, room_26, room_27]

Skill      XL: |  1  2  3  4  5  6  7  8  9 10 11 |
---------------+----------------------------------+-----
Fighting       | 3 5 6 7 8 10 11 12 | 12.0
Axes           | 3 4 5 6 7 8 9 11 | 11.7
Armour         | 1 2 3 4 5 6 7 |  7.6
Dodging        | 2 4 5 6 7 8 9 10 | 10.1
Shields        | 3 4 5 6 7 8 9 11 | 11.8
Invocations    | 3 4 5 6 7 8 9 11 | 11.8
Spellcasting   | |  2.0
Air Magic      | |  1.0
Evocations     | |  3.6

Action                   |  1- 3 |  4- 6 |  7- 9 | 10-12 || total
-------------------------+-------+-------+-------+-------++-------
Melee: Broad axe         |     1 |    12 |    27 |    19 ||    59
       Bite              |       |     3 |     1 |       ||     4
Invok: Upheaval          |       |       |     5 |     6 ||    11
       Disaster Area     |       |       |       |     3 ||     3
Armor: Plate armour      |       |     8 |    21 |     2 ||    31
Dodge: Dodged            |       |       |     2 |       ||     2
       Repelled          |       |       |       |     1 ||     1
Block: Kite shield       |     1 |    23 |    58 |    34 ||   116
